 Dungeon Crawl Stone Soup version 0.24.0-123-gd5b16e6ec5 (webtiles) character file.

Game seed: 11016358002188054699, levelgen mode: deterministic

96695 Mesmaeker13 the Grappler (level 15, -3/158 HPs)
             Began as a Troll Monk on Jan 17, 2020.
             Was the Champion of Wu Jian.
             Slain by an orc warlord
             ... wielding a +1 long sword of draining
              (48 damage)
             ... on level 2 of the Orcish Mines on Jan 18, 2020.
             The game lasted 00:53:22 (27176 turns).

Mesmaeker13 the Grappler (Troll Monk)              Turns: 27176, Time: 00:53:23

Health: -3/158     AC: 18    Str: 26    XL:     15   Next: 69%
Magic:  21/21      EV: 17    Int: 10    God:    Wu Jian [******]
Gold:   927        SH:  0    Dex: 14    Spells: 14/14 levels left

rFire    + . .     SeeInvis .     - Unarmed
rCold    . . .     Gourm    +   (no shield)
rNeg     + . .     Faith    .   G - +0 troll leather armour
rPois    .         Spirit   .   p - +2 hat
rElec    .         Reflect  .   I - +2 cloak
rCorr    .         Harm     .   (gloves unavailable)
MR       +....                  (boots unavailable)
Stlth    +.........             f - amulet of rage
HPRegen  1.16/turn              A - ring "Wawai" {rF+ rN+ Int+4 Slay+2}
MPRegen  0.17/turn              Q - +5 ring of protection

@: exhausted
A: large, unfitting armour, claws 3, fast metabolism 3, gourmand, regeneration
1, shaggy fur 1, tough skin 3
a: Wall Jump, Serpent's Lash, Heavenly Storm, Renounce Religion, Evoke Berserk
Rage


You were on level 2 of the Orcish Mines.
You worshipped Wu Jian.
Wu Jian was exalted by your worship.
You were very full.

You visited 3 branches of the dungeon, and saw 23 of its levels.

You collected 2268 gold pieces.
You spent 1341 gold pieces at shops.

Inventory:

Hand Weapons
 o - a +0 giant spiked club
 V - a +2 scimitar of flaming
Missiles
 s - 12 curare-tipped darts
 D - a throwing net
 H - 11 large rocks (quivered)
Armour
 p - a +2 hat (worn)
 q - a +2 robe of cold resistance
 G - a +0 troll leather armour (worn)
 I - a +2 cloak (worn)
Jewellery
 f - an amulet of rage (around neck)
 k - an uncursed ring of ice
 A - the ring "Wawai" (left claw) {rF+ rN+ Int+4 Slay+2}
   (You bought it in a shop on level 15 of the Dungeon)

   [ring of positive energy]

   It affects your intelligence (+4).
   It affects your accuracy and damage with ranged weapons and melee attacks
   (+2).
   It protects you from fire.
   It protects you from negative energy.
 B - an uncursed ring of poison resistance
 J - an uncursed amulet of guardian spirit
 Q - a +5 ring of protection (right claw)
Wands
 h - a wand of flame (34)
 n - a wand of iceblast (21)
 r - a wand of disintegration (2)
 K - a wand of scattershot (9)
 O - a wand of clouds (9)
 P - a wand of digging (19)
 S - a wand of polymorph (9)
Scrolls
 c - 3 scrolls of fog
 j - 10 scrolls of teleportation
 u - 2 scrolls of magic mapping {unknown}
 w - 2 scrolls of blinking
 y - 7 scrolls of remove curse
 C - a scroll of fear
 N - a scroll of acquirement {unknown}
 R - a scroll of brand weapon {unknown}
 T - a scroll of noise
Potions
 a - 2 potions of mutation {unknown}
 d - 5 potions of berserk rage
 e - 4 potions of heal wounds
 i - 6 potions of haste
 l - 2 potions of might
 m - 5 potions of curing
 v - a potion of invisibility {unknown}
 x - 8 potions of agility
 E - 3 potions of flight {unknown}
 M - a potion of brilliance
Miscellaneous
 L - a phial of floods
Comestibles
 b - 40 rations
 g - 4 chunks of flesh


   Skills:
 + Level 12.5 Fighting
 + Level 12.6 Dodging
 - Level 1.0 Stealth
 + Level 14.5 Unarmed Combat
 - Level 10.2 Evocations


You had 14 spell levels left.
You didn't know any spells.
Your spell library contained the following spells:

 Spells                   Type           Power        Failure   Level  Hunger
 Animate Skeleton         Necr           N/A          41%         1    ##.....
 Beastly Appendage        Tmut           #.....       41%         1    ##.....
 Magic Dart               Conj           #...         41%         1    ##.....
 Pain                     Necr           #...         41%         1    ##.....
 Summon Butterflies       Summ           #.......     41%         1    ##.....
 Searing Ray              Conj           #.....       54%         2    ###....
 Sticks to Snakes         Tmut           #.......     54%         2    ###....
 Sublimation of Blood     Necr           #.........   54%         2    ###....
 Call Canine Familiar     Summ           #.......     78%         3    ####...
 Dazzling Spray           Conj/Hex       #.....       78%         3    ####...
 Ignite Poison            Fire/Tmut/Pois #.......     78%         3    ####...
 Regeneration             Chrm/Necr      #.........   78%         3    ####...
 Spider Form              Tmut/Pois      #.........   78%         3    ####...
 Static Discharge         Conj/Air       #.......     78%         3    ####...
 Vampiric Draining        Necr           #.........   78%         3    ####...
 Animate Dead             Necr           N/A          99%         4    #####..
 Force Lance              Conj/Tloc      #.......     99%         4    #####..
 Fulminant Prism          Conj/Hex       #.........   99%         4    #####..
 Ice Form                 Ice/Tmut       #.......     99%         4    #####..
 Iskenderun's Mystic Bla  Conj           #.......     99%         4    #####..
 Petrify                  Tmut/Erth      #.......     99%         4    #####..
 Summon Ice Beast         Ice/Summ       #.......     99%         4    #####..
 Alistair's Intoxication  Tmut/Pois      #.......     100%        5    ######.
 Blade Hands              Tmut           #.........   100%        5    ######.
 Irradiate                Conj/Tmut      #.........   100%        5    ######.
 Lightning Bolt           Conj/Air       #.........   100%        5    ######.
 Summon Mana Viper        Hex/Summ       #.......     100%        5    ######.
 Summon Hydra             Summ           #.........   100%        7    #######
 Ignition                 Fire           #.........   100%        8    #######
 Shatter                  Erth           #.........   100%        9    #######
 Tornado                  Air            #.........   100%        9    #######


Dungeon Overview and Level Annotations

Branches:
Dungeon (15/15)            Temple (0/1) D:7            Lair (6/6) D:10
  Swamp (0/4) Lair:3        Snake (0/4) Lair:4        Slime (0/5) Lair:6
    Orc (2/2) D:9             Elf (0/3) Orc:2        Vaults (0/5) D:14
 Depths (0/5) D:15

Altars:
Ashenzari
Cheibriados
Dithmenos
Fedhas
Gozag
Hepliaklqana
Kikubaaqudgha
Nemelex Xobeh
Okawaru
Qazlal
Trog
Wu Jian
Zin
The Shining One
Beogh

Shops:
D:11 *   D:15 =(%:=   Orc:2 (:(=

Annotations:
D:11 2 transporters
Lair:3 exclusion: 3 oklob plants
Lair:5 2 transporters, doomedcactus's ghost, journeyman TrMo


Innate Abilities, Weirdness & Mutations

You are too large for most types of armour.
You have claws for hands.
Your metabolism is lightning-fast.
You like to eat raw meat.
Your natural rate of healing is unusually fast.
You are covered in fur. (AC +1)
You have extremely tough skin. (AC +3)


Message History

Your supernatural speed expires.
Evoke which item? (* to show all) (? for menu, Esc to quit)
Aiming: Disintegrate
Press: ? - help, Shift-Dir - straight line, f - orc warlord
Aim: an orc warlord, wielding a +1 long sword of draining, wearing a +0 plate armour and wearing a +0 large shield (heavily wounded, unusually strong, chance to defeat MR: 66%)
The orc warlord is blasted!!
The orc knight is engulfed in blazing flames.
Evoke which item? (* to show all) (? for menu, Esc to quit)
Aiming: Disintegrate
Press: ? - help, Shift-Dir - straight line, f/p - orc warlord
Aim: an orc warlord, wielding a +1 long sword of draining, wearing a +0 plate armour and wearing a +0 large shield (sparse dust, severely wounded, unusually strong, chance to defeat MR: 66%)
The orc warlord struggles to resist.
The orc knight is engulfed in blazing flames.
Evoke which item? (* to show all) (? for menu, Esc to quit)
Aiming: Disintegrate
Press: ? - help, Shift-Dir - straight line, f/p - orc warlord
Aim: an orc warlord, wielding a +1 long sword of draining, wearing a +0 plate armour and wearing a +0 large shield (sparse dust, severely wounded, unusually strong, chance to defeat MR: 66%)
The orc warlord is blasted!!
The orc warlord hits you with a +1 long sword of draining!!!
You die...

......##..#........#
.....#.#........#.###........
....#####..........#.............
....#.# #....##...#..............
.....# ##.....%.................
....## ###.....................
...## ##.....................
....# #...........☼§..o......
....### ##....@oo.)o§§..oo○....
......# #......#.##.§§))oo.....
......# #......######..#oo°..#.
#.)..## ##..#... ####☼°°..#
......#####...##.## #8oo.8#
#..........#.##### #oo...#
............## #ooo..#
.............# ..o.o...
.....))....... ....o.o.


You could see an orc warlord, an orc knight and an orc.

Vanquished Creatures
  Gastronok (Lair:3)
  2 fire giants
  A war gargoyle (D:12)
  The ghost of markt42 the Bludgeoner, a journeyman GrFi of Okawaru (Orc:1)
  The ghost of Evilbrain007 the Basher, a journeyman MiBe of Trog (D:11)
  Fannar (Orc:1)
  A vault guard (D:14)
  8 hydras
  4 centaur warriors
  4 two-headed ogres
  Sonja (D:10)
  Urug (D:13)
  Nergalle (Orc:2)
  3 skeletal warriors (D:11)
  An unseen horror (D:12)
  A flayed ghost (D:12)
  3 wizards
  2 necromancers (D:14)
  Pikel (D:6)
  3 deep elf magi
  3 orc knights
  3 cyclopes
  8 ugly things
  An orc sorcerer (Orc:2)
  2 manticores
  10 elephants
  5 black mambas
  A gargoyle (D:12)
  Joseph (D:10)
  4 yaktaurs
  3 torpor snails
  25 spiny frogs
  An efreet (D:14)
  9 komodo dragons
  2 rime drakes
  A tengu conjurer (D:9)
  3 polar bears
  5 trolls
  4 tyrant leeches (Lair:6)
  18 blink frogs
  5 hippogriffs
  A slime creature (D:12)
  A meliai zombie (D:15)
  9 dream sheep
  A blink frog (shapeshifter) (D:14)
  5 shadows
  A wraith (D:15)
  7 wyverns
  60 yaks
  5 basilisks
  17 humans (D:14)
  A steam dragon (Lair:4)
  A hungry ghost (D:8)
  Edmund (D:5)
  12 vampire mosquitoes
  2 nagas (Lair:4)
  3 wargs (Orc:2)
  2 acid dragons
  15 water moccasins
  10 porcupines
  6 sky beasts
  7 ice beasts
  29 orc warriors
  5 black bears
  3 necrophages
  A hornet zombie (D:6)
  3 phantoms
  17 crocodiles
  23 centaurs
  8 ogres
  4 wolves (Lair:6)
  5 big kobolds
  30 bullfrogs
  A wyvern zombie (D:15)
  A gnoll sergeant (D:7)
  7 scorpions
  15 killer bees
  3 electric eels (Lair:4)
  12 wights
  3 howler monkeys
  9 crimson imps
  4 centaur zombies
  2 bullfrog skeletons
  3 bullfrog zombies
  8 jellies
  A gnoll shaman (D:5)
  19 orc priests
  10 hounds
  16 orc wizards
  5 centaur skeletons
  Terence (D:2)
  3 iguanas
  Natasha (thrice) (D:2)
  14 worker ants
  A killer bee zombie (D:8)
  A hound zombie (D:5)
  A howler monkey zombie (D:8)
  A worker ant zombie (D:7)
  19 gnolls
  15 adders
  2 shadow imps
  12 oozes
  An adder zombie (D:9)
  3 adder skeletons
  A worm (D:2)
  6 leopard geckos
  78 orcs
  2 ball pythons
  5 bats
  2 giant cockroaches
  6 goblins
  6 hobgoblins
  22 jackals
  6 quokkas
  2 frilled lizards (D:2)
  A goblin skeleton (D:4)
  4 hobgoblin zombies (D:4)
  A jackal skeleton (D:7)
  25 kobolds
  2 kobold skeletons (D:4)
  A kobold zombie (D:4)
  A leopard gecko skeleton (D:4)
  2 orc zombies (D:4)
  A quokka skeleton (D:8)
  4 rats
  A plant (Lair:6)
825 creatures vanquished.

Vanquished Creatures (others)
  A rime drake (Lair:6)
  A tyrant leech (Lair:6)
  2 yaks (Lair:6)
  A bush (Lair:6)
  29 fungi
  49 plants
83 creatures vanquished.

Grand Total: 908 creatures vanquished

Notes
Turn   | Place    | Note
-------+----------+-------------------------------------------
     0 | D:1      | Mesmaeker13 the Troll Monk began the quest for the Orb.
     0 | D:1      | Reached XP level 1. HP: 22/22 MP: 0/0
   137 | D:1      | Reached XP level 2. HP: 24/29 MP: 1/1
   930 | D:2      | Reached XP level 3. HP: 36/36 MP: 2/2
  1062 | D:2      | Noticed Natasha
  1064 | D:2      | Killed Natasha
  1064 | D:2      | Reached XP level 4. HP: 39/45 MP: 3/3
  1175 | D:2      | Noticed Natasha
  1183 | D:2      | Killed Natasha
  1216 | D:2      | Reached skill level 4 in Unarmed Combat
  1353 | D:2      | Noticed Terence
  1365 | D:2      | Killed Terence
  1365 | D:2      | Reached XP level 5. HP: 48/53 MP: 4/4
  1447 | D:2      | Noticed Natasha
  1454 | D:2      | Killed Natasha
  1459 | D:2      | Found a sparkling altar of Nemelex Xobeh.
  1618 | D:2      | Found an iron altar of Okawaru.
  1893 | D:2      | Found a snail-covered altar of Cheibriados.
  1894 | D:2      | Found a bloodstained altar of Trog.
  1894 | D:2      | Found a shattered altar of Ashenzari.
  2266 | D:3      | Reached XP level 6. HP: 41/62 MP: 5/5
  2386 | D:3      | Found an ornate altar of the Wu Jian Council.
  2392 | D:3      | Became a worshipper of the Wu Jian Council
  2392 | D:3      | Reached * piety under Wu Jian
  2392 | D:3      | Reached ** piety under Wu Jian
  2852 | D:4      | Found a glowing golden altar of the Shining One.
  3017 | D:4      | Noticed an ice beast
  3019 | D:4      | Reached skill level 5 in Unarmed Combat
  3030 | D:4      | Killed an ice beast
  3030 | D:4      | Reached XP level 7. HP: 37/71 MP: 6/6
  3490 | D:5      | Entered Level 5 of the Dungeon
  3555 | D:5      | Got a slimy golden ring
  3730 | D:5      | Reached *** piety under Wu Jian
  3813 | D:5      | Reached skill level 5 in Fighting
  3813 | D:5      | Reached skill level 5 in Dodging
  3841 | D:5      | Reached skill level 6 in Unarmed Combat
  3841 | D:5      | Reached XP level 8. HP: 75/79 MP: 7/7
  4245 | D:5      | Noticed Edmund
  4257 | D:5      | Killed Edmund
  4266 | D:5      | Identified the ring "Emitos" {*Slow rPois rN+ Str+2} (You
                  | found it on level 5 of the Dungeon)
  4536 | D:5      | Found a blossoming altar of Fedhas.
  4719 | D:6      | Reached skill level 7 in Unarmed Combat
  5184 | D:6      | Reached **** piety under Wu Jian
  5196 | D:6      | Reached XP level 9. HP: 88/88 MP: 8/8
  5204 | D:6      | Noticed Pikel
  5215 | D:6      | Killed Pikel
  5215 | D:6      | Reached skill level 1 in Evocations
  5443 | D:6      | Found an ancient bone altar of Kikubaaqudgha.
  5464 | D:6      | Reached skill level 8 in Unarmed Combat
  5887 | D:7      | Found a staircase to the Ecumenical Temple.
  6022 | D:7      | Reached ***** piety under Wu Jian
  6172 | D:7      | Found a shadowy altar of Dithmenos.
  6191 | D:7      | Reached XP level 10. HP: 90/101 MP: 11/11
  6689 | D:8      | Found a glowing silver altar of Zin.
  6726 | D:8      | Noticed Maurice
  6732 | D:8      | Noticed Maurice
  6732 | D:8      | Maurice changed into Maurice the wyvern
  6742 | D:8      | Killed Maurice the wyvern
  7145 | D:8      | Reached skill level 9 in Unarmed Combat
  7264 | D:8      | Found a hazy altar of Hepliaklqana.
  7896 | D:9      | Found a stormy altar of Qazlal.
  8601 | D:9      | Noticed a wizard
  8610 | D:9      | Killed a wizard
  8864 | D:9      | Found a staircase to the Orcish Mines.
  8986 | D:10     | Entered Level 10 of the Dungeon
  9150 | D:10     | Found a staircase to the Lair.
  9157 | D:10     | Reached XP level 11. HP: 64/110 MP: 13/13
  9495 | D:10     | Noticed Joseph
  9518 | D:10     | Killed Joseph
  9663 | D:10     | Noticed Sonja
  9696 | D:10     | Killed Sonja
  9696 | D:10     | Reached skill level 5 in Evocations
 10375 | Lair:1   | Entered Level 1 of the Lair of Beasts
 10375 | Lair:1   | Found the +4 robe of Augmentation {Str+4 Int+4 Dex+4}
 10441 | Lair:1   | Reached skill level 10 in Unarmed Combat
 10773 | Lair:1   | Reached ****** piety under Wu Jian
 11576 | Lair:2   | Found the +7 Spriggan's Knife {stab, EV+4 Stlth+}
 12070 | Lair:2   | Found a sparkling altar of Nemelex Xobeh.
 12775 | Lair:3   | Reached XP level 12. HP: 97/122 MP: 15/15
 12890 | Lair:3   | Reached skill level 11 in Unarmed Combat
 12945 | Lair:3   | Noticed an eight-headed hydra
 12954 | Lair:3   | Killed an eight-headed hydra
 13263 | Lair:3   | Found a staircase to the Swamp.
 13412 | Lair:3   | You fall into a shaft and drop 1 floor!
 13571 | Lair:3   | Noticed Gastronok
 13585 | Lair:3   | Killed Gastronok
 13626 | Lair:3   | Reached skill level 10 in Fighting
 13772 | Lair:4   | Reached skill level 10 in Dodging
 14335 | Lair:4   | Noticed a seven-headed hydra
 14405 | Lair:4   | Killed a seven-headed hydra
 14405 | Lair:4   | Reached XP level 13. HP: 94/133 MP: 17/17
 14572 | Lair:4   | Reached skill level 12 in Unarmed Combat
 14741 | Lair:4   | Found a staircase to the Snake Pit.
 15424 | Lair:5   | Found a transporter.
 15427 | Lair:5   | Noticed doomedcactus's ghost (journeyman TrMo)
 15456 | Lair:5   | Found a transporter.
 15956 | Lair:6   | Entered Level 6 of the Lair of Beasts
 17663 | Lair:6   | HP: 1/137 [eight-headed hydra (16)]
 18004 | Lair:6   | Found a staircase to the Slime Pits.
 18035 | Lair:6   | Reached XP level 14. HP: 105/146 MP: 19/19
 18486 | Lair:6   | Reached skill level 13 in Unarmed Combat
 19904 | D:11     | Found a transporter.
 19960 | D:11     | You fall into a shaft and drop 2 floors!
 20383 | D:11     | Found a transporter.
 20518 | D:11     | HP: 1/146 [skeletal warrior/+0 battleaxe[a skeletal
                  | warrior] (32)]
 20897 | D:11     | Found a runed translucent gate.
 20898 | D:11     | Found a runed translucent gate.
 20898 | D:11     | Found an opulent altar of Gozag.
 20899 | D:11     | Found a runed translucent gate.
 20906 | D:11     | Noticed Evilbrain007's ghost (journeyman MiBe)
 20907 | D:11     | Found Angeigus's Assorted Antiques.
 20928 | D:11     | Killed Evilbrain007's ghost
 20970 | D:11     | Bought a wand of clouds (8) for 360 gold pieces
 20970 | D:11     | Bought a wand of iceblast (9) for 120 gold pieces
 20970 | D:11     | Bought a potion of heal wounds for 150 gold pieces
 21812 | D:12     | You fall into a shaft and drop 2 floors!
 22277 | D:13     | Noticed Urug
 22291 | D:13     | Killed Urug
 23306 | D:12     | Noticed a fire giant
 23306 | D:12     | Noticed a war gargoyle
 23318 | D:12     | Killed a war gargoyle
 23397 | D:12     | Killed a fire giant
 23670 | D:13     | Reached XP level 15. HP: 151/156 MP: 21/21
 24246 | D:14     | Reached skill level 14 in Unarmed Combat
 24459 | D:14     | Found a gate to the Vaults.
 24661 | D:15     | Entered Level 15 of the Dungeon
 24687 | D:15     | Found a staircase to the Depths.
 24687 | D:15     | Noticed a fire giant
 24710 | D:15     | Killed a fire giant
 24746 | D:15     | Found Ekhlah's Jewellery Boutique.
 24761 | D:15     | Bought the ring "Wawai" {rF+ rN+ Int+4 Slay+2} for 711 gold
                  | pieces
 24803 | D:15     | Found an iron altar of Okawaru.
 24949 | D:15     | Found Soschi Veeng's Jewellery Shop.
 24963 | D:15     | Reached skill level 10 in Evocations
 25031 | D:15     | Found Arownug's Book Emporium.
 25477 | D:15     | Found Musaidiu's Weapon Shoppe.
 25499 | D:15     | Found Cecoj's Food Shoppe.
 25791 | Orc:1    | Entered Level 1 of the Orcish Mines
 25847 | Orc:1    | Found a runed translucent door.
 25847 | Orc:1    | Noticed markt42's ghost (journeyman GrFi)
 25912 | Orc:1    | Noticed Fannar
 25920 | Orc:1    | Killed Fannar
 26353 | Orc:1    | Killed markt42's ghost
 26411 | Orc:2    | Entered Level 2 of the Orcish Mines
 26413 | Orc:2    | Found Nietas's Weapon Boutique.
 26416 | Orc:2    | Found Roopuacu's Jewellery Shoppe.
 26578 | Orc:2    | Found a staircase to the Elven Halls.
 26964 | Orc:2    | Found Nuxtut's Book Shoppe.
 26970 | Orc:2    | Found a roughly hewn altar of Beogh.
 27007 | Orc:2    | Found Emodada's Antique Weapon Shoppe.
 27083 | Orc:2    | Noticed Nergalle
 27095 | Orc:2    | Paralysed by an orc sorcerer for 3 turns
 27103 | Orc:2    | Killed Nergalle
 27144 | Orc:2    | Noticed an orc warlord
 27176 | Orc:2    | Slain by an orc warlord

Levels and vault maps discovered:
D:1:      tarquinn_simple_flora_water_e, layout_loops_ring, serial_park_tiny_1,
          minmay_misc_feat_four_crosses
D:2:      layout_loops_corners, marbit_many_paths, minitemple,
          nemelex_diamond_rough_becter, uniq_terence, uniq_natasha
D:3:      layout_basic, old_standard_altar, first_ration
D:4:      layout_rooms, nicolae_tso_besieged_by_evil
D:5:      layout_loops_ring, fedhas_altar_4, guppyfry_early_orc_mine,
          uniq_edmund
D:6:      layout_basic, kiku_gazebo_pond_becter, uniq_pikel
D:7:      layout_gridville, grunt_dithmenos_smoke, minmay_temple_entry_wispy
D:8:      layout_layer_cave, kennysheep_mini_moat, kennysheep_little_box,
          uniq_maurice
D:9:      minmay_bloctagon_deflated, layout_irregular_city, grunt_qazlal_clouds,
          orc_0_dummy, hangedman_little_slice_of_home
D:10:     layout_irregular_city, due_lair_maze_entry_diamond, uniq_sonja,
          uniq_joseph
D:11:     gammafunk_cloud_chamber, layout_irregular_city, ebering_ghost_gozag
D:12:     minmay_glassy_protrusions, layout_rooms
D:13:     layout_stronghold, uniq_urug
D:14:     layout_loops_ring, grunt_vaults_entry_tiered,
          minmay_staircase_statues_hall_small
D:15:     grunt_enter_depths_giant_problem, layout_basic,
          minmay_misc_feat_plants, serial_shops, nicolae_shop_behind_doors,
          shop, shop, nicolae_shop_trees, nicolae_shop_stone,
          okawaru_ov_weapons_minmay
Lair:1:   layout_gridlike
Lair:2:   layout_small_grid, basic_altar
Lair:3:   layout_roguey, swamp_mist, gauntlet_entry_generic, nzn_random_ring,
          minmay_lair_oklob_chamber, uniq_gastronok
Lair:4:   layout_gridlike, guppyfry_snake_entry_island, st_stairs_3
Lair:5:   layout_roguey, gammafunk_ghost_berserking_beasts, grunt_megastairs_2,
          infiniplex_staircase_pool_2
Lair:6:   minmay_lair_end_frog_pond, layout_layer_cave,
          nicolae_slime_entry_slimehenge
Orc:1:    layout_diamond_mine, gammafunk_ghost_grave, uniq_fannar
Orc:2:    grunt_orc_cross, layout_diamond_mine, serial_shops, shop_statue, shop,
          shop_statue, shop, nicolae_shop_statue_plus, mines2_david

Skill      XL: |  1  2  3  4  5  6  7  8  9 10 11 12 13 14 15 |
---------------+----------------------------------------------+-----
Fighting       | 3 4 5 6 7 8 9 10 11 12 | 12.5
Dodging        | 3 4 5 6 7 8 9 10 11 12 | 12.6
Unarmed Combat | 4 5 6 7 8 9 10 11 12 13 14 | 14.5
Evocations     | 3 4 6 7 8 9 10 | 10.2
Stealth        | |  1.0

Action                   |  1- 3 |  4- 6 |  7- 9 | 10-12 | 13-15 || total
-------------------------+-------+-------+-------+-------+-------++-------
Melee: Unarmed           |    76 |   173 |   364 |   732 |  1428 ||  2773
       Punch             |       |       |    13 |    35 |   135 ||   183
       Dire flail        |       |       |       |    12 |    24 ||    36
       Scimitar          |       |       |       |       |     6 ||     6
Throw: Large rock        |       |     2 |     7 |    10 |     3 ||    22
       Dart              |       |       |    12 |    14 |     1 ||    27
Invok: Lunge             |       |     6 |    20 |    46 |    86 ||   158
       Whirlwind         |       |       |    14 |    21 |    69 ||   104
       Serpent's Lash    |       |       |       |     1 |     4 ||     5
       Heavenly Storm    |       |       |       |       |     1 ||     1
 Abil: Evoke Berserk Rag |       |       |       |     2 |     6 ||     8
Evoke: Wand              |       |       |       |    11 |    34 ||    45
  Use: Scroll            |       |     4 |     3 |     8 |    17 ||    32
       Potion            |       |       |     1 |     2 |     6 ||     9
 Stab: Sleeping          |       |     7 |     3 |     7 |     5 ||    22
       Distracted        |       |       |     1 |       |     1 ||     2
       Fleeing           |       |       |       |     2 |       ||     2
  Eat: Chunk             |    15 |    18 |    29 |    79 |   123 ||   264
Armor: Robe              |    27 |    47 |   109 |   157 |   201 ||   541
       Troll leather arm |       |       |       |       |   225 ||   225
Dodge: Dodged            |    51 |    61 |   215 |   457 |   946 ||  1730
       Rpst.: Scimitar   |       |       |       |       |     2 ||     2
